Map: Orbital Shipyard

Players

juhyg

  • Race: Protoss Protoss
  • League: Bronze

LeDevil - Winner!

  • Race: Protoss Protoss

VOD

Have the link to the VOD?

Description

Time

  • Played on: Nov. 17, 2015, 8:22 p.m.
  • Length: 3:33
Show
View Real Time Build Order
Export as new Build Order

juhyg Protoss 

Build Orders:  

Get SALT Encoding   

  12  0:13  Pylon  
  12  0:18  Assimilator  
  12  0:35  Gateway  
  12  0:38  Probe (Chrono Boost)  
  13  0:49  Probe (Chrono Boost)  
  14  0:59  Probe (Chrono Boost)  
  15  1:10  Probe (Chrono Boost)  
  16  1:20  Probe (Chrono Boost)  
  16  1:22  Cybernetics Core  
  16  1:25  Pylon  
  17  1:31  Probe (Chrono Boost)  
  18  1:39  Zealot  
  20  1:42  Probe (Chrono Boost)  
  21  1:55  Pylon  
  21  2:00  Robotics Facility  
  21  2:34  Nexus  
  21  2:42  Probe  
  22  2:55  Probe  
Show
View Real Time Build Order
Export as new Build Order

LeDevil Protoss - Winner!

Build Orders:  

Get SALT Encoding   

  12  0:02  Probe (Chrono Boost)  
  13  0:12  Probe (Chrono Boost)  
  14  0:22  Pylon  
  14  0:23  Probe (Chrono Boost)  
  15  0:44  Gateway  
  15  0:47  Gateway  
  15  0:51  Probe (Chrono Boost)  
  16  1:05  Gateway  
  16  1:10  Pylon  
  16  1:16  Assimilator  
  16  1:31  Zealot  
  18  1:34  Zealot  
  20  1:43  Cybernetics Core  
  20  1:53  Gateway  
  20  1:59  Zealot (Chrono Boost)  
  22  2:06  Zealot (Chrono Boost)  
  26  2:19  Zealot (Chrono Boost)  
  26  2:26  Assimilator  
  26  2:27  Probe  
  27  2:36  Zealot (Chrono Boost)  
  29  2:45  Pylon  
  29  2:50  Probe  
  30  3:02  Probe  
  31  3:31  Pylon  
Tags
 
Add a new tag
Caveats
  • Supply blocks, unpowered buildings, or Contaminate may cause inaccurate times.
  • Supply counts are checked every 10 seconds.